 Dungeon Crawl Stone Soup version 0.20.0-15-g7f486f2 (webtiles) character file.

557 Jannitor the Skirmisher (level 7, -1/55 HPs)
             Began as a Mummy Skald on June 25, 2017.
             Was a Follower of Okawaru.
             Slain by a scorpion (8 damage)
             ... on level 4 of the Dungeon.
             The game lasted 00:09:02 (4244 turns).

Jannitor the Skirmisher (Mummy Skald)               Turns: 4244, Time: 00:09:03

Health: -1/55      AC:  3    Str: 14    XL:     7   Next: 9%
Magic:  11/11      EV: 11    Int: 14    God:    Okawaru [*.....]
Gold:   271        SH:  4    Dex: 12    Spells: 3/11 levels left

rFire    x . .     SeeInvis .   a - +0 falchion
rCold    + . .     Gourm    .   h - +0 buckler
rNeg     + + +     Faith    .   g - +0 leather armour
rPois    ∞         Spirit   .   (no helmet)
rElec    .         Reflect  .   (no cloak)
rCorr    .         Harm     .   (no gloves)
MR       .....                  (no boots)
Stlth    +.........             (no amulet)
Regen    0.2/turn               (no ring)
MPRegen  0.2/turn               (no ring)

@: about to teleport
A: no food or potions, fire vulnerability, cold resistance 1, negative energy
resistance 3, torment resistance, unbreathing
a: Heroism, Renounce Religion


You were on level 4 of the Dungeon.
You worshipped Okawaru.
Okawaru was aware of your devotion.
You were not hungry.

You visited 1 branch of the dungeon, and saw 4 of its levels.

You collected 271 gold pieces.

Inventory:

Hand Weapons
 a - a +0 falchion (weapon)
Armour
 b - a +0 leather armour
 g - a +0 leather armour (worn)
 h - a +0 buckler (worn)
Jewellery
 f - an uncursed ring of see invisible {unknown}
Wands
 j - a wand of paralysis (14/24)
 m - a wand of flame (19/48)
Scrolls
 d - 4 scrolls of identify {unknown}
 i - a scroll of remove curse
 k - a scroll of noise {unknown}
 l - a scroll of recharging {unknown}
 n - a scroll of enchant armour {unknown}
Books
 c - a book of Battle

   Spells                             Type                      Level
   a - Infusion                       Charms                       1
   b - Shroud of Golubria             Charms/Translocation         2
   c - Song of Slaying                Charms                       2
   d - Spectral Weapon                Hexes/Charms                 3
   e - Regeneration                   Charms/Necromancy            3


   Skills:
 + Level 4.4 Fighting
 + Level 3.1 Long Blades
 - Level 0.7 Armour
 - Level 1.5 Dodging
 * Level 3.0 Shields
 - Level 2.6 Spellcasting
 + Level 3.9 Charms


You had 3 spell levels left.
You knew the following spells:

 Your Spells              Type           Power        Failure   Level  Hunger
a - Infusion              Chrm           ##..         6%          1    N/A
b - Song of Slaying       Chrm           ##......     10%         2    N/A
c - Shroud of Golubria    Chrm/Tloc      #.........   22%         2    N/A
d - Spectral Weapon       Hex/Chrm       #.......     38%         3    N/A

Dungeon Overview and Level Annotations

Branches:
Dungeon (4/15)             Temple (0/1) D:4

Altars:
Okawaru


Innate Abilities, Weirdness & Mutations

You do not eat or drink.
Your flesh is vulnerable to fire.
You are immune to poison.
Your flesh is cold resistant. (rC+)
You are immune to negative energy. (rN+++)
You are immune to unholy pain and torment.
You can survive without breathing.


Message History

The scorpion stings you!
* * * LOW HITPOINT WARNING * * *
You see here an adder skeleton.
Your magical contamination has completely faded away.
Your song has ended.
The ogre appears out of thin air!
An ogre comes into view. It is wielding a giant spiked club. x2
The ogre shouts!
As you read the scroll labeled RAS PARIEMPAPUTS, it crumbles to dust.
You feel as if something is helping you.
It was a scroll of remove curse.
The scorpion stings you.
* * * LOW HITPOINT WARNING * * *
You hit the ogre but do no damage. The ogre barely misses you.
The scorpion stings you.
* * * LOW HITPOINT WARNING * * *
Unknown command.
As you read the scroll labeled REZYCS QUOCEORIU, it crumbles to dust.
You feel strangely unstable.
It was a scroll of teleportation.
The scorpion stings you!
You die...

.#..÷.s.....#.####### #.#
#.# .##.#####.###†...#
#.# #.# ....# #.#
####.########.# #.# .####
#.# #..........# #.#
.########s## ############
.# ...........# ##......
.# #########..# ##...##
#########..#######.<...##
......%^......ss@O......#
##################.....##
##...## ##.## ##


You could see an ogre and 2 scorpions.

Vanquished Creatures
  The ghost of koelner the Stinger, an amateur DsVM (D:4)
  4 scorpions (D:4)
  A howler monkey (D:4)
  A hound (D:4)
  A worker ant (D:4)
  A howler monkey skeleton (D:4)
  8 adders
  2 oozes (D:3)
  2 worms (D:2)
  3 dart slugs (D:1)
  5 leopard geckos
  A ball python (D:3)
  12 bats
  5 giant cockroaches
  9 goblins
  7 hobgoblins
  9 jackals
  A quokka (D:2)
  A frilled lizard (D:1)
  12 kobolds
  10 rats
96 creatures vanquished.

Notes
Turn   | Place    | Note
-------+----------+-------------------------------------------
     0 | D:1      | Jannitor the Mummy Skald began the quest for the Orb.
     0 | D:1      | Reached XP level 1. HP: 16/16 MP: 4/4
   341 | D:1      | Reached XP level 2. HP: 21/23 MP: 0/5
   740 | D:1      | Reached XP level 3. HP: 24/28 MP: 2/7
   827 | D:1      | Reached skill level 3 in Fighting
  1475 | D:2      | Reached XP level 4. HP: 34/35 MP: 8/8
  1719 | D:2      | Learned a level 2 spell: Song of Slaying
  1722 | D:2      | Learned a level 2 spell: Shroud of Golubria
  1726 | D:2      | Learned a level 3 spell: Spectral Weapon
  2367 | D:3      | Reached XP level 5. HP: 32/42 MP: 6/9
  2545 | D:3      | Found an iron altar of Okawaru.
  2553 | D:3      | Became a worshipper of Warmaster Okawaru
  2686 | D:4      | Reached skill level 1 in Shields
  2770 | D:4      | Reached skill level 4 in Fighting
  2996 | D:4      | Noticed koelner's ghost (amateur DsVM)
  3011 | D:4      | Killed koelner's ghost
  3011 | D:4      | Reached XP level 6. HP: 26/48 MP: 7/10
  3410 | D:4      | Found a staircase to the Ecumenical Temple.
  3778 | D:4      | Reached * piety under Okawaru
  3778 | D:4      | Reached XP level 7. HP: 28/55 MP: 9/11
  4244 | D:4      | Slain by a scorpion

Skill      XL: |  1  2  3  4  5  6  7 |
---------------+----------------------+-----
Fighting       | 3 4 |  4.4
Long Blades    | 2 3 |  3.1
Charms         | 3 |  3.9
Shields        | 1 2 3 |  3.0
Armour         | |  0.7
Dodging        | |  1.5
Spellcasting   | |  2.6

Action                   |  1- 3 |  4- 6 |  7- 9 || total
-------------------------+-------+-------+-------++-------
Melee: Falchion          |   123 |   203 |    32 ||   358
Throw: Tomahawk          |       |     3 |       ||     3
 Cast: Infusion          |    12 |    12 |     1 ||    25
       Spectral Weapon   |       |     1 |       ||     1
       Song of Slaying   |       |     1 |     2 ||     3
       Shroud of Golubri |       |       |     1 ||     1
  Use: Scroll            |       |       |     2 ||     2
 Stab: Sleeping          |       |     1 |       ||     1
Armor: Leather armour    |    34 |    48 |     4 ||    86
Dodge: Dodged            |   105 |   132 |    15 ||   252
Block: Buckler           |       |    26 |     3 ||    29
       Rpst.: Falchion   |    21 |    42 |     4 ||    67
